 Dungeon Crawl Stone Soup version 0.29-a0-284-gf9362112df (webtiles) character file.

Game seed: 3085345194570258141

91497 Zonian the Grand Scion (level 15, -12/102 HPs)
             Began as a Demonspawn Ice Elementalist on Mar 19, 2022.
             Was a High Priest of Hepliaklqana.
             Mangled by a skeletal warrior
             ... wielding a +0 halberd
             ... led by a skeletal warrior
              (20 damage)
             ... on level 13 of the Dungeon.
             The game lasted 01:24:37 (24850 turns).

Zonian the Grand Scion (DsIE)                      Turns: 24850, Time: 01:24:37

Health: -12/102    AC: 21    Str: 10    XL:     15   Next: 55%
Magic:  14/38      EV: 18    Int: 22    God:    Hepliaklqana [*****.]
Gold:   1625       SH:  0    Dex: 20    Spells: 10/35 levels left

rFire   . . .      SeeInvis .   U - +3 demon whip (venom)
rCold   + . .      Faith    .   (no shield)
rNeg    . . .      Spirit   .   P - +1 troll leather armour
rPois   .          Reflect  .   M - +0 hat {Will+}
rElec   .          Harm     +   B - +1 cloak
rCorr   .          Rampage  .   g - +1 pair of gloves of Ennui {Harm *Corrode Regen+ MP+9}
Will    ++...                   C - +2 pair of boots
Stlth   ++........              m - amulet of magic regeneration
HPRegen 1.87/turn               h - +6 ring of dexterity
MPRegen 0.66/turn               v - ring of protection from cold

@: sanguine armoured, very slightly contaminated
A: reduced essence, sanguine armour 2, condensation shield, demonic magic 3,
demonic touch 2
a: Renounce Religion, Recall Ancestor, Ancestor Identity, Transference, Idealise


You were on level 13 of the Dungeon.
You worshipped Hepliaklqana.
Hepliaklqana was extremely pleased with you.
You visited 2 branches of the dungeon, and saw 20 of its levels.
You also visited: Bailey.

You collected 1625 gold pieces.

Inventory:

Hand Weapons
 q - a +2 scimitar of electrocution
 r - a +4 hunting sling
 s - the +6 spear of the Boiling Point {vorpal, rN++}
   (You found it on level 4 of the Dungeon)

   It inflicts extra damage upon your enemies.
   rN:        It greatly protects you from negative energy.
 H - a +1 fustibalus of freezing
 I - a +5 war axe of freezing
 J - a +4 scimitar of flaming
 U - a +3 demon whip of venom (weapon)
Missiles
 c - 52 poisoned darts
Armour
 g - the +1 pair of gloves of Ennui (worn) {Harm *Corrode Regen+ MP+9}
   (You found it on level 2 of the Dungeon)

   MP:        It affects your magic capacity (+9).
   Regen:     It increases your rate of health regeneration.
   *Corrode:  It may corrode you when you take damage.
   Harm:      It increases damage dealt and taken.
 B - a +1 cloak (worn)
 C - a +2 pair of boots (worn)
 F - a scarf of invisibility
 M - a +0 hat of willpower (worn)
 P - a +1 troll leather armour (worn)
Jewellery
 e - a ring of fire
 h - a +6 ring of dexterity (left hand)
 k - a ring of willpower
 m - an amulet of magic regeneration (around neck)
 t - a ring of resist corrosion
 v - a ring of protection from cold (right hand)
 y - a ring of see invisible
Wands
 E - a wand of charming (4)
 K - a wand of iceblast (8)
 O - a wand of polymorph (21)
 Q - a wand of flame (33)
 S - a wand of mindburst (11)
 T - a wand of paralysis (6)
Scrolls
 u - 2 scrolls of blinking
 x - 5 scrolls of teleportation
 z - a scroll of identify
 G - 3 scrolls of silence
 N - 2 scrolls of summoning
Potions
 b - 2 potions of magic
 d - 3 potions of lignification
 f - a potion of ambrosia
 i - a potion of heal wounds
 j - 5 potions of curing
 l - 2 potions of degeneration
 n - 3 potions of brilliance
 o - 2 potions of might
 p - 6 potions of mutation
 w - a potion of cancellation
 A - 2 potions of invisibility
 D - 3 potions of berserk rage
 L - a potion of haste
 R - a potion of resistance
 V - a potion of flight
Miscellaneous
 a - a tin of tremorstones (2/2)
 W - a box of beasts


   Skills:
 + Level 9.4 Fighting
 * Level 8.6 Maces & Flails
 - Level 6.7 Polearms
 + Level 10.5 Dodging
 - Level 2.1 Stealth
 + Level 10.6 Spellcasting
 + Level 9.4 Conjurations
 + Level 2.0 Translocations
 - Level 10.9 Ice Magic
 + Level 2.7 Air Magic
 + Level 13.2 Invocations
 + Level 3.1 Evocations


You had 10 spell levels left.
You knew the following spells:

 Your Spells              Type           Power      Damage    Failure   Level
a - Freeze                Ice            100%       1d11      1%          1
b - Frozen Ramparts       Ice            100%       1d12      1%          3
c - Ozocubu's Armour      Ice            56%        N/A       1%          3
d - Hailstorm             Conj/Ice       54%        3d12      1%          4
e - Freezing Cloud        Conj/Ice/Air   22%        6-21      9%          5
f - Iskenderun's Mystic   Conj/Tloc      37%        2d9       7%          4
g - Lightning Bolt        Conj/Air       19%        1d33      17%         5

Your spell library contained the following spells:

 Spells                   Type           Power      Damage    Failure   Level
 Static Discharge         Conj/Air       38%        N/A       1%          2
 Apportation              Tloc           40%        N/A       3%          1
 Dazzling Flash           Conj/Hex       64%        N/A       3%          3
 Mephitic Cloud           Conj/Pois/Air  29%        N/A       4%          3
 Corpse Rot               Necr/Air       34%        N/A       7%          2
 Slow                     Hex            44%        N/A       8%          1
 Gell's Gravitas          Tloc           20%        N/A       10%         3
 Teleport Other           Tloc           20%        N/A       10%         3
 Flame Wave               Conj/Fire      32%        2d8       11%         4
 Fulminant Prism          Conj/Hex       16%        3d11      11%         4
 Sticky Flame             Conj/Fire      32%        2d5       11%         4
 Scorch                   Fire           22%        2d6       12%         2
 Portal Projectile        Hex/Tloc       32%        N/A       16%         3
 Confusing Touch          Hex            11%        N/A       24%         3
 Ignite Poison            Fire/Tmut/Pois 11%        N/A       24%         3
 Summon Guardian Golem    Hex/Summ       11%        N/A       24%         3
 Vampiric Draining        Necr           11%        2d6       24%         3
 Airstrike                Air            11%        N/A       24%         4
 Summon Lightning Spire   Summ/Air       17%        N/A       41%         4
 Dispel Undead            Necr           11%        3d9       61%         4
 Simulacrum               Ice/Necr       17%        N/A       77%         6
 Summon Forest            Summ/Tloc      8%         N/A       80%         5
 Starburst                Conj/Fire      16%        6d6       86%         6
 Alistair's Intoxication  Tmut/Pois      7%         N/A       91%         5
 Yara's Violent Unravell  Hex/Tmut       5%         3d4       91%         5
 Dispersal                Tloc           10%        N/A       99%         6
 Death Channel            Necr           5%         N/A       100%        6
 Eringya's Noxious Bog    Tmut/Pois      5%         N/A       100%        6
 Summon Cactus Giant      Summ           5%         N/A       100%        6
 Enfeeble                 Hex            5%         N/A       100%        7
 Summon Hydra             Summ           5%         N/A       100%        7
 Disjunction              Tloc           10%        N/A       100%        8
 Chain Lightning          Conj/Air       19%        3d25      100%        9
 Polar Vortex             Ice            28%        N/A       100%        9


Dungeon Overview and Level Annotations

Branches:
Dungeon (14/15) Temple (0/1) D:6 Lair (6/6) D:9 Shoals (0/4) Lair:3 Snake (0/4) Lair:2 Slime (0/5) Lair:5 Orc (0/2) D:11 Vaults (0/5) D:13 D:14 Bailey (visited)

Altars:
Ashenzari
Hepliaklqana
Makhleb
Trog
Uskayaw
Vehumet
Wu Jian
Xom
Yredelemnul

Annotations:
D:2 Sigmund
D:3 2 transporters, Cecur's ghost, amateur DrEE
D:12 exclusion: 2 orange crystal statues
D:13 1 runed translucent door, Roczioh's ghost, journeyman DsEn
D:14 Rupert


Innate Abilities, Weirdness & Mutations

Your life essence is reduced to manifest your ancestor. (-10% HP)
When seriously injured, your blood forms thick armour. (AC +9)
A meltable shield of frost defends you. (SH +0)
Spells you cast and wands you use may paralyse nearby enemies.
Your touch may inflict irresistible damage on your foes.


Message History

The skeletal warrior hits you from afar with a +0 halberd!
Gideon hits the skeletal warrior with a +0 broad axe of flaming!
Gideon burns the skeletal warrior!
Gideon hits the skeletal warrior but does no damage.
You completely miss the skeletal warrior.
The skeletal warrior is heavily damaged.
Unknown command.
You hit the skeletal warrior but do no damage.
The skeletal warrior is heavily damaged.
The skeletal warrior hits you with a +0 dire flail.
* * * LOW HITPOINT WARNING * * *
The skeletal warrior barely misses you.
Gideon hits the skeletal warrior but does no damage.
Gideon barely misses the skeletal warrior.
Okay, then.
Hepliaklqana grants Gideon healing and protection!
Gideon is healed somewhat.
The orc knight is no longer paralysed.
The skeletal warrior closely misses you.
The skeletal warrior misses you.
Gideon barely misses the skeletal warrior.
Gideon hits the skeletal warrior with a +0 broad axe of flaming!
Gideon burns the skeletal warrior.
The orc knight hits you but does no damage.
Unknown command.
Casting: Hailstorm (mildly dangerous; 1% risk of failure)
Confirm with . or Enter, or press ? or * to list all spells.
You erupt in a blast of force!
The mystic blast hits the skeletal warrior but does no damage.
The skeletal warrior is severely damaged.
Gideon avoids your attack.
The mystic blast hits the orc knight.
The orc knight is lightly wounded.
The orc knight is knocked back by the mystic blast.
The mystic blast hits the skeletal warrior but does no damage.
The skeletal warrior is severely damaged.
Malevolent energies surge around you.
The skeletal warrior hits you with a +0 dire flail!!
* * * LOW HITPOINT WARNING * * *
The skeletal warrior hits you from afar with a +0 halberd!
You die...

...#........##...##..#
##'###'##...##...##..#
#..##..##...##.......#
...#.........#.......#
...#.........'...##'##
...#.........#...##..#
...#........###'###..#
#^.######...##...##..#
#..##..##...##)R@.†)o#
....#...#.....z†z....#
....#...#............#
....#)..#...##...##).#
#..##..###..##...##..#
#..##).###..##.......#
.........#...........#
.........#..##...##..#
.........#zz#######..#


You could see the friendly Gideon the knight (idealised), an orc knight and 2
skeletal warriors.

Vanquished Creatures
  Frances (D:13)
  Gastronok (Lair:2)
  Kirke (D:13)
  Nessos (D:13)
  Snorg (D:13)
  Fannar (D:12)
  A boulder beetle (Lair:4)
  2 centaur warriors (D:13)
  6 hydras
  Erica (D:8)
  5 catoblepae
  2 two-headed ogres
  8 death yaks
  Nergalle (D:12)
  Sonja (D:12)
  Urug (D:12)
  Amaemon (Lair:2)
  3 skeletal warriors (D:13)
  An orc knight (Bailey)
  2 deep elf pyromancers
  Pikel (D:6)
  An ugly thing (D:13)
  2 manticores (Lair:6)
  4 torpor snails
  21 elephants
  7 black mambas
  An orange demon (Lair:2)
  A gargoyle (D:12)
  9 cane toads
  3 kobold demonologists
  An efreet (D:13)
  4 rime drakes
  6 komodo dragons
  An unseen horror (D:11)
  2 polar bears
  3 trolls
  A hornet (D:9)
  Grinder (D:6)
  14 blink frogs
  3 slime creatures (D:13)
  A dream sheep (Lair:4)
  2 wraiths
  2 shadows
  68 yaks
  Eustachio (D:5)
  3 basilisks
  A fire elemental (D:13)
  4 wyverns
  2 humans (D:13)
  3 hogs (D:13)
  2 steam dragons
  2 vampire mosquitoes (D:12)
  Edmund (D:5)
  7 nagas (Lair:2)
  10 water moccasins
  2 sky beasts
  13 orc warriors
  A black bear (D:7)
  3 ice beasts
  5 ogres
  8 centaurs
  2 phantoms
  32 wolves
  2 lemures (D:6)
  6 kobold brigands
  Blork the orc (D:4)
  13 bullfrogs
  3 necrophages
  A gnoll sergeant (D:11)
  A scorpion (D:5)
  5 wights (D:8)
  8 killer bees (D:11)
  4 howler monkeys
  A jelly (D:4)
  4 hounds
  A gnoll shaman (D:4)
  3 orc priests
  2 iguanas
  Natasha (D:4)
  6 orc wizards
  3 hell rats (Lair:3)
  Robin (D:2)
  15 gnolls
  7 adders
  An ufetubus (D:4)
  A worm (D:4)
  A dart slug (D:5)
  37 orcs
  4 bats
  8 endoplasms
  5 giant cockroaches
  12 goblins
  17 hobgoblins
  7 quokkas
  5 ball pythons
  5 frilled lizards
  18 kobolds
  3 rats
514 creatures vanquished.

Vanquished Creatures (collateral kills)
  Azrael (D:13)
  A boulder beetle (D:13)
  3 two-headed ogres
  2 hydras (D:12)
  A faun (Lair:3)
  2 ugly things
  3 elephants (Lair:6)
  A manticore (D:13)
  A black mamba (Lair:5)
  4 cane toads
  A kobold demonologist (D:10)
  4 komodo dragons
  A polar bear (Lair:5)
  2 trolls (D:9)
  A hornet (D:8)
  3 blink frogs
  5 slime creatures (D:13)
  3 dream sheep (Lair:4)
  3 wyverns
  A wraith (D:10)
  15 yaks
  2 fire elementals (D:13)
  A basilisk (D:9)
  3 humans (D:13)
  6 vampire mosquitoes
  An acid dragon (D:9)
  2 nagas (Lair:2)
  A water moccasin (Lair:4)
  2 hell hounds (D:13)
  An ice beast (D:6)
  5 orc warriors
  14 wolves
  A kobold brigand (D:10)
  2 bullfrogs
  2 orc priests
  An orc wizard (D:7)
  3 hell rats (Lair:3)
  An ufetubus (D:6)
  12 orcs
  2 goblins (D:8)
  2 kobolds (D:10)
122 creatures vanquished.

Vanquished Creatures (others)
  A fire elemental (D:13)
  A human (D:13)
  An orc wizard (D:13)
  An ancestor (D:7)
  12 knights
  An orc (D:13)
  33 fungi
  67 plants
117 creatures vanquished.

Grand Total: 753 creatures vanquished

Notes
Turn   | Place    | Note
-------+----------+-------------------------------------------
     0 | D:1      | Zonian the Demonspawn Ice Elementalist began the quest for
                  | the Orb.
     0 | D:1      | Reached XP level 1. HP: 13/13 MP: 3/3
   482 | D:1      | Gained mutation: A meltable shield of frost defends you.
                  | (SH +0) [demonic ancestry]
   482 | D:1      | Reached XP level 2. HP: 4/19 MP: 0/5
  1776 | D:2      | Reached XP level 3. HP: 10/24 MP: 0/6
  1929 | D:2      | Learned a level 3 spell: Frozen Ramparts
  1933 | D:2      | Learned a level 3 spell: Ozocubu's Armour
  2161 | D:2      | Noticed Sigmund
  2357 | D:2      | Identified the +1 pair of gloves of Ennui {Harm *Corrode
                  | Regen+ MP+9}
  3050 | D:2      | Noticed Robin
  3069 | D:2      | Killed Robin
  3070 | D:2      | Reached XP level 4. HP: 30/30 MP: 8/8
  3930 | D:3      | Found a transporter.
  3937 | D:3      | Noticed Cecur's ghost (amateur DrEE)
  3938 | D:3      | Found a transporter.
  3939 | D:3      | Identified the +0 dire flail "Eceruiff" {flame, rElec}
  3939 | D:3      | Noticed an ogre
  4028 | D:3      | Found a faded altar of an unknown god.
  4601 | D:4      | Reached XP level 5. HP: 35/35 MP: 9/9
  4780 | D:4      | Noticed a phantom
  4781 | D:4      | Noticed Natasha
  4793 | D:4      | Noticed Blork the orc
  5259 | D:4      | Found a hazy altar of Hepliaklqana.
  5273 | D:4      | Became a worshipper of Hepliaklqana the Forgotten
  5317 | D:4      | Identified the +6 spear of the Boiling Point {vorpal, rN++}
  5338 | D:4      | Killed Blork the orc
  5339 | D:4      | Gained mutation: When seriously injured, your blood forms
                  | armour. (AC +9) [demonic ancestry]
  5339 | D:4      | Reached XP level 6. HP: 38/41 MP: 11/11
  5343 | D:4      | Reached skill level 5 in Ice Magic
  5348 | D:4      | Identified a scroll of acquirement
  5348 | D:4      | Acquired the Compendium of Flight and the Oath
  5517 | D:4      | Killed Natasha
  5518 | D:4      | Reached skill level 1 in Polearms
  5534 | D:4      | Gained mutation: Your touch may inflict minor irresistible
                  | damage on your foes. [demonic ancestry]
  5534 | D:4      | Reached XP level 7. HP: 29/46 MP: 13/13
  5719 | D:4      | Found a broken altar of Ashenzari.
  5907 | D:5      | Entered Level 5 of the Dungeon
  5954 | D:5      | Reached skill level 1 in Invocations
  6131 | D:5      | Reached skill level 2 in Invocations
  6176 | D:5      | Reached * piety under Hepliaklqana
  6244 | D:5      | Noticed Edmund
  6254 | D:5      | Killed Edmund
  6323 | D:5      | Noticed Eustachio
  6335 | D:5      | Reached XP level 8. HP: 46/46 MP: 15/15
  6358 | D:5      | Killed Eustachio
  6359 | D:5      | Reached skill level 5 in Spellcasting
  6359 | D:5      | Reached skill level 3 in Invocations
  6892 | D:6      | Reached skill level 5 in Dodging
  6915 | D:6      | Noticed Pikel
  6933 | D:6      | Killed Pikel
  6934 | D:6      | Reached skill level 4 in Invocations
  6968 | D:6      | Noticed Grinder
  6985 | D:6      | Paralysed by Grinder for 5 turns
  7009 | D:6      | Killed Grinder
  7010 | D:6      | Reached skill level 5 in Invocations
  7010 | D:6      | Gained mutation: Spells you cast may paralyse adjacent
                  | enemies. [demonic ancestry]
  7010 | D:6      | Reached XP level 9. HP: 51/51 MP: 17/17
  7165 | D:6      | Found a staircase to the Ecumenical Temple.
  7336 | D:6      | Learned a level 4 spell: Hailstorm
  8066 | D:7      | Reached ** piety under Hepliaklqana
  8127 | D:7      | Found a basalt altar of Yredelemnul.
  8199 | D:7      | Reached skill level 1 in Fighting
  8213 | D:7      | Reached skill level 1 in Conjurations
  8217 | D:7      | Reached skill level 6 in Invocations
  8468 | D:7      | Remembered your ancestor Gideon as a knight
  9323 | D:8      | Gained mutation: When seriously injured, your blood forms
                  | thick armour. (AC +9) [demonic ancestry]
  9323 | D:8      | Reached XP level 10. HP: 32/61 MP: 19/19
  9373 | D:8      | Found a flagged portal.
  9375 | D:8      | Noticed Erica
  9390 | D:8      | Killed Erica
  9391 | D:8      | Reached skill level 5 in Polearms
  9391 | D:8      | Reached skill level 7 in Invocations
  9484 | Bailey   | Entered a bailey
  9852 | Bailey   | Noticed an orc knight
  9900 | Bailey   | Killed an orc knight
 10277 | D:8      | Paralysed by a hornet for 2 turns
 10340 | D:8      | Reached skill level 8 in Invocations
 10377 | D:8      | Reached XP level 11. HP: 60/69 MP: 21/21
 10587 | D:8      | Found a bloodstained altar of Trog.
 10606 | D:8      | Found a burning altar of Makhleb.
 10652 | D:9      | Noticed a two-headed ogre
 10665 | D:9      | Killed a two-headed ogre
 10774 | D:9      | Reached *** piety under Hepliaklqana
 11460 | D:9      | Reached skill level 5 in Fighting
 11480 | D:9      | Found a staircase to the Lair.
 11492 | D:9      | Reached skill level 5 in Conjurations
 11525 | D:9      | Reached skill level 9 in Invocations
 12066 | Lair:1   | Entered Level 1 of the Lair of Beasts
 12522 | Lair:1   | Reached **** piety under Hepliaklqana
 12966 | Lair:2   | Noticed a death yak
 12986 | Lair:2   | Noticed Gastronok
 13026 | Lair:2   | Noticed Amaemon
 13036 | Lair:2   | Killed Amaemon
 13067 | Lair:2   | Killed Gastronok
 13068 | Lair:2   | Reached XP level 12. HP: 36/78 MP: 24/24
 13439 | Lair:2   | Noticed a death yak
 13441 | Lair:2   | Killed a death yak
 13442 | Lair:2   | Reached skill level 1 in Maces & Flails
 13460 | Lair:2   | Killed a death yak
 13844 | Lair:2   | Reached skill level 10 in Invocations
 13861 | Lair:2   | Found a staircase to the Snake Pit.
 14204 | Lair:3   | Noticed a five-headed hydra
 14221 | Lair:3   | Killed a five-headed hydra
 14825 | Lair:3   | Gained mutation: Your touch may inflict irresistible damage
                  | on your foes. [demonic ancestry]
 14825 | Lair:3   | Reached XP level 13. HP: 62/86 MP: 25/25
 14966 | Lair:3   | Found a staircase to the Shoals.
 15000 | Lair:3   | Reached skill level 11 in Invocations
 16019 | Lair:4   | Found an ornate altar of the Wu Jian Council.
 16019 | Lair:4   | Found a hide-covered altar of Uskayaw.
 16605 | Lair:4   | Reached ***** piety under Hepliaklqana
 17185 | Lair:5   | Reached skill level 5 in Maces & Flails
 17185 | Lair:5   | Reached skill level 10 in Ice Magic
 17454 | Lair:5   | Found a radiant altar of Vehumet.
 17643 | Lair:5   | Found a staircase to the Slime Pits.
 18104 | Lair:6   | Entered Level 6 of the Lair of Beasts
 18177 | Lair:6   | Reached skill level 12 in Invocations
 18179 | Lair:6   | Gained mutation: Spells you cast may paralyse nearby
                  | enemies. [demonic ancestry]
 18179 | Lair:6   | Reached XP level 14. HP: 37/94 MP: 27/27
 19200 | Lair:6   | Reached skill level 10 in Spellcasting
 19281 | Lair:6   | Reached skill level 10 in Dodging
 20241 | Lair:1   | Learned a level 5 spell: Freezing Cloud
 20329 | D:10     | Entered Level 10 of the Dungeon
 20529 | D:10     | Reached skill level 1 in Evocations
 21120 | D:11     | Reached skill level 1 in Air Magic
 21168 | D:11     | Reached ****** piety under Hepliaklqana
 21398 | D:11     | Found a staircase to the Orcish Mines.
 21978 | D:12     | Noticed Sonja
 21987 | D:12     | Killed Sonja
 21988 | D:12     | Gained mutation: Spells you cast and wands you use may
                  | paralyse nearby enemies. [demonic ancestry]
 21988 | D:12     | Reached XP level 15. HP: 89/101 MP: 29/29
 22406 | D:12     | Noticed Fannar
 22430 | D:12     | Killed Fannar
 22451 | D:12     | Learned a level 4 spell: Iskenderun's Mystic Blast
 22465 | D:12     | Noticed Urug
 22474 | D:12     | Killed Urug
 22694 | D:12     | Noticed Nergalle
 22708 | D:12     | Killed Nergalle
 23342 | D:13     | Noticed Azrael
 23347 | D:13     | Noticed Frances
 23348 | D:13     | HP: 1/101 [slime creature (13)]
 23375 | D:13     | Reached skill level 1 in Translocations
 23402 | D:13     | Killed Azrael
 23499 | D:13     | Learned a level 5 spell: Lightning Bolt
 23559 | D:13     | Found a radiant altar of Vehumet.
 23580 | D:13     | Noticed Snorg
 23608 | D:13     | Reached skill level 13 in Invocations
 23618 | D:13     | Noticed Nessos
 23659 | D:13     | Killed Frances
 23906 | D:13     | Killed Snorg
 23990 | D:13     | Noticed Kirke
 24002 | D:13     | Noticed a sphinx
 24003 | D:13     | Killed Kirke
 24163 | D:13     | Found a runed translucent door.
 24164 | D:13     | Found a shimmering altar of Xom.
 24164 | D:13     | Noticed Roczioh's ghost (journeyman DsEn)
 24192 | D:13     | Killed Nessos
 24828 | D:14     | Noticed Rupert
 24828 | D:14     | Found a gate to the Vaults.
 24850 | D:13     | Mangled by a skeletal warrior

Illustrated notes

Levels and vault maps discovered:
D:1:      sevenhm_arrival_forest_fort_small_5, layout_basic, serial_forest,
          infiniplex_forest_lined_ring, infiniplex_forest_clump_curved,
          infiniplex_forest_straight_4, infiniplex_forest_lined_2,
          infiniplex_forest_clump_cross, infiniplex_forest_lined_3
D:2:      layout_loops_ring, columned_hall_lemuel, kennysheep_generic_room_5,
          uniq_robin, uniq_sigmund
D:3:      layout_basic, hellmonk_ecumenical_altar_run_dry,
          gammafunk_ghost_smash, st_stairs_2, chequers_garden
D:4:      minmay_diamond_boxcup, layout_basic, nicolae_hepliaklqana_hazy_memory,
          mainiacjoe_overflow_concentric_impassable, minmay_distorted,
          uniq_natasha, uniq_blork_the_orc
D:5:      layout_cave_pools, serial_bayou, serial_bayou_lagoon_a,
          serial_bayou_pond_c, serial_bayou_pond_c, serial_bayou_shore_b,
          serial_bayou_pond_c, serial_bayou_pond_a, uniq_edmund, uniq_eustachio
D:6:      layout_rooms, minmay_temple_entry_stoned_glass, moated_statue,
          hangedman_decor_growths, roderic_filled_cross, chequers_arboretum,
          hangedman_abyss_or_decor_stagger, uniq_grinder, uniq_pikel
D:7:      layout_basic, mainiacjoe_overflow_alcove_1, minmay_misc_feat_rugged
D:8:      layout_cave_pools, mainiacjoe_overflow_big_doors, enter_bailey_5,
          uniq_erica
D:9:      layout_basic, erik_lair_dragon
D:10:     layout_gridville, blue_anna_alchemist
D:11:     layout_roguey, kennysheep_orc_monster_closet_entryway, minivault_11,
          hex_large
D:12:     layout_basic, minmay_more_statues, uniq_nergalle, uniq_urug,
          uniq_fannar, uniq_sonja
D:13:     layout_gridville, ebering_ghost_xom, vehumet_altar_wand_db,
          uniq_frances, uniq_kirke, uniq_azrael, uniq_snorg, uniq_nessos
D:14:     layout_irregular_city, david_vaults_3, serial_column_ruins,
          column_ruins_temple_circle, column_ruins_hut, column_ruins_open_small,
          column_ruins_columns_straight, column_ruins_grid_3,
          column_ruins_grid_3, column_ruins_columns_straight,
          hangedman_decor_push, einodemon_armed_red_devil_minivault
Lair:1:   layout_cave_pods
Lair:2:   layout_chaotic_city, minmay_snake_entry_guardpost_large, uniq_amaemon,
          uniq_gastronok
Lair:3:   nzn_winding_woodlands_medium [nzn_winding_woodlands_5x5_closed_star,
          nzn_winding_woodlands_5x15_sawtooth,
          nzn_winding_woodlands_5x5_perimeter,
          nzn_winding_woodlands_5x5_checkerboard,
          nzn_winding_woodlands_center_lodge, nzn_winding_woodlands_5x5_cross,
          nzn_winding_woodlands_5x5_open_star, nzn_winding_woodlands_5x15_pool,
          nzn_winding_woodlands_5x5_default], layout_chaotic_city,
          elwin_shoals_entry_rocks, chequers_serial_rivers_micro_c,
          grunt_forest_large_clearings, infiniplex_staircase_pool,
          serial_bayou_shore_b
Lair:4:   layout_regular_city, nicolae_volcano_entry_two_sided,
          nzn_masters_of_martial_movement, grunt_megastairs_4
Lair:5:   layout_cave_pods, slime_dummy, basic_altar,
          chequers_serial_rivers_marsh, serial_bayou_shore_b
Lair:6:   evilmike_catoblepas_cave, layout_cave_pods

Skill      XL: |  1  2  3  4  5  6  7  8  9 10 11 12 13 14 15 |
---------------+----------------------------------------------+-----
Dodging        | 2 3 4 5 6 7 8 9 10 | 10.5
Stealth        | 2 |  2.1
Ice Magic      | 4 5 6 7 8 9 10 | 10.9
Spellcasting   | 3 4 5 6 7 8 9 10 | 10.6
Polearms       | 1 2 3 4 5 6 |  6.7
Invocations    | 2 5 6 8 9 10 12 13 | 13.2
Fighting       | 2 4 5 7 8 9 |  9.4
Conjurations   | 2 4 5 6 8 9 |  9.4
Maces & Flails | 3 5 7 8 |  8.6
Evocations     | 1 3 |  3.1
Air Magic      | 1 2 |  2.7
Translocations | 2 |  2.0

Action                   |  1- 3 |  4- 6 |  7- 9 | 10-12 | 13-15 || total
-------------------------+-------+-------+-------+-------+-------++-------
Melee: Spear             |   111 |   195 |   229 |   511 |    35 ||  1081
       Unarmed           |     2 |       |       |       |       ||     2
       Punch             |       |     2 |     2 |     9 |    17 ||    30
       Touch             |       |       |    35 |    96 |   150 ||   281
       Demon whip        |       |       |       |     4 |   674 ||   678
       Hunting sling     |       |       |       |       |     1 ||     1
 Fire: Hunting sling     |       |       |       |       |     4 ||     4
Throw: Dart              |       |       |     4 |       |       ||     4
 Cast: Freeze            |    23 |    13 |     5 |    26 |    14 ||    81
       Frozen Ramparts   |     1 |     4 |     6 |    32 |    37 ||    80
       Ozocubu's Armour  |       |     1 |     4 |     8 |    20 ||    33
       Hailstorm         |       |       |       |     2 |    46 ||    48
       Iskenderun's Myst |       |       |       |       |     5 ||     5
       Freezing Cloud    |       |       |       |       |     3 ||     3
Invok: Ancestor Identity |       |       |     2 |       |       ||     2
       Ancestor Life: Kn |       |       |     1 |       |       ||     1
       Idealise          |       |       |       |     2 |     3 ||     5
       Recall Ancestor   |       |       |       |       |     7 ||     7
       Transference      |       |       |       |       |     9 ||     9
Evoke: Wand              |       |       |       |     8 |     5 ||    13
       Tin of tremorston |       |       |       |       |     1 ||     1
       Box of beasts     |       |       |       |       |     1 ||     1
  Use: Scroll            |     7 |     8 |     5 |     7 |    13 ||    40
       Potion            |       |       |       |     3 |     6 ||     9
 Stab: Sleeping          |     6 |     5 |     4 |     2 |     2 ||    19
       Distracted        |       |     2 |     3 |     3 |     9 ||    17
       Paralysed         |       |       |     1 |    19 |    48 ||    68
Armor: Robe              |    17 |    39 |    31 |       |       ||    87
       Leather armour    |       |       |    16 |   124 |   170 ||   310
       Troll leather arm |       |       |       |       |    79 ||    79
Dodge: Dodged            |    63 |   123 |    83 |   201 |   446 ||   916
Block: Other             |    20 |    25 |    20 |    57 |   119 ||   241

Table legend: (Time is in decaauts)
 A = Elapsed time spent in this place.
 B = Non-inter-level travel time spent in this place.
 C = Inter-level travel time spent in this place.
 D = Time resting spent in this place.
 E = Time spent auto-exploring this place.
 F = Levels seen in this place.
 G = Mean time per level.
                   A        B        C        D        E       F      G
               +--------+--------+--------+--------+--------+-----+--------+
         Total |  24658 |  23547 |   1111 |   8422 |  10055 |  21 | 1174.2 |
       Dungeon |  15656 |  15047 |    609 |   5725 |   6151 |  14 | 1118.3 |
          Lair |   8284 |   7783 |    501 |   2252 |   3904 |   6 | 1380.7 |
        Bailey |    717 |    717 |      0 |    445 |      0 |   1 |  717.0 |
               +--------+--------+--------+--------+--------+-----+--------+

Top non-repeatable levels by time:
     D:2: 2469 daAuts
  Lair:6: 2075 daAuts
     D:9: 1596 daAuts
  Lair:3: 1558 daAuts
    D:13: 1532 daAuts
     D:1: 1387 daAuts
     D:4: 1383 daAuts
  Lair:5: 1354 daAuts
  Lair:2: 1344 daAuts
    D:12: 1331 daAuts
     D:7: 1220 daAuts
     D:6: 1152 daAuts
  Lair:4: 1070 daAuts
     D:5: 990 daAuts
  Lair:1: 880 daAuts
